Goreval, chaotic female orcish Wizard ---------- ---------- |........| |......... |........-# .......| |........|# .....| ------|---# -.-. # # #####oj ### # # = # # ### ### ########## # # # ---|------- ### ## #### |.........| # -.--|-- |..(<.....| ### |...[.| |.........| # |.....+ ----------- ### |.....| # |.....| ##.*....| ------- Goreval the Conjurer Experience level: 4 Strength: 14 Dexterity: 13 Constitution: 14 Intelligence: 16 Wisdom: 9 Charisma: 8 Health: 0(27) Energy: 28(37) Def: 2 Gold: 972 Moves: 3259 Dungeon seed: 1LBvG6ihfKIFLwp4 Game ID: Goreval_1533392003 Your Inventory: Coins $ - 972 gold pieces Weapons a - a blessed +1 quarterstaff (weapon in hands) v - a +0 dagger Armor e - an uncursed +0 cloak of magic resistance (being worn) C - an uncursed +0 pair of water walking boots (being worn) Comestibles o - 4 uncursed food rations t - an uncursed fortune cookie z - an uncursed candy bar Scrolls i - an uncursed scroll of remove curse j - an uncursed scroll of scare monster k - an uncursed scroll of confuse monster n - 2 uncursed scrolls of identify s - a blessed scroll of identify w - an uncursed scroll of create monster Spellbooks l - a blessed spellbook of force bolt m - an uncursed spellbook of identify u - an uncursed spellbook of detect food Potions f - an uncursed potion of see invisible g - 2 uncursed potions of monster detection h - a blessed potion of object detection p - a blessed potion of healing Rings c - an uncursed ring of slow digestion (on left hand) d - an uncursed ring of teleport control (on right hand) Wands b - a wand of slow monster (0:5) Tools q - an uncursed tallow candle (0:200) Gems r - an uncursed worthless piece of blue glass y - an uncursed worthless piece of green glass B - an uncursed worthless piece of yellow glass N - an uncursed worthless piece of orange glass Y - an uncursed worthless piece of yellowish brown glass Spells and supernatural/magical abilities: Name Level Category Fail Memory a - force bolt 1 attack 0% 84% E - detect food 2 divination 67% 97% I - identify 3 divination 99% 84% W - pray for help -- divine ? -- Your skills at the end: Fighting Skills Weapon Skills quarterstaff [Basic] Spellcasting Skills attack spells [Basic] enchantment spells [Basic] Final Attributes: You were piously aligned. You were poison resistant. You were magic-protected. You were telepathic. You had infravision. You had teleport control. You could walk on water. You had slower digestion. You are dead. Vanquished creatures: a rock mole a kobold mummy a little dog 2 floating eyes a monkey a wererat an acid blob a coyote a gas spore a hobbit a cave spider a brown mold 2 yellow molds 2 gnomes 4 geckos 7 jackals 2 kobolds a goblin 3 sewer rats 7 grid bugs a bat 4 lichens a kobold zombie 5 newts 52 creatures vanquished. Voluntary challenges: You were an atheist. You used a wielded weapon 44 times, starting on turn 304. You read items or engraved 3 times, starting on turn 2547. You never genocided any monsters. You never polymorphed an object. You never changed form. You used no wishes. You never split a pudding. You never wrote Elbereth's name. You never violated your personal moral code. Dungeon overview: The Dungeons of Doom: levels 1 to 6 Level 1 a long staircase Level 2 Level 3 a general store Level 4 a sink stairs to The Gnomish Mines Level 5 Level 6 <- You were here The Gnomish Mines: Level 5 stairs to The Dungeons of Doom History has recorded: On T:1 you entered the Dungeons of Doom to retrieve the Amulet of Yendor! On T:575 you reached level 2 of The Dungeons of Doom. On T:670 you reached level 3 of The Dungeons of Doom. On T:1177 you advanced to experience level 2. On T:1425 you reached level 4 of The Dungeons of Doom. On T:1692 you reached level 1 of The Gnomish Mines. On T:2068 you advanced to experience level 3. On T:2496 you reached level 5 of The Dungeons of Doom. On T:2559 you reached level 6 of The Dungeons of Doom. On T:2610 you advanced to experience level 4. Score breakdown: Gold: 972 (10164 points) Experience: 4 levels ( 9649 points) Exploration: 6 levels ( 12.00%) ( 9583 points) Discoveries: 4 items ( 1.45%) ( 3611 points) Valuables value: (no points given unless you survive) Artifact value: 0 ( 0 points) Variety of kills: 24 monsters ( 6.30%) ( 7529 points) Turncount: 3259 turns ( -722 points) Survival: died (score multiplied by 80%) Total score: 31851 Latest messages: The wererat is killed! You see here a wererat corpse. You hit the blue jelly! Oskar misses the cave spider. The cave spider bites! You hear some noises. You miss the cave spider. Oskar bites the cave spider. The cave spider misses Oskar. The cave spider bites! Oskar bites the cave spider. The cave spider is killed! Oskar eats a cave spider corpse. Oskar misses the coyote. The coyote bites! Oskar misses the coyote. You kill the coyote! Oskar eats a coyote corpse. You see here a wererat corpse. You miss the blue jelly. You are suddenly very cold! You die... Final status: Goodbye Goreval the Wizard, killed by a blue jelly... You died in The Dungeons of Doom on dungeon level 6 with 31851 points, and 972 pieces of gold, after 3259 moves. You were level 4 with a maximum of 27 hit points when you died.